Map: Habitation Station LE (Void)

Players

Aura - Winner!

  • Race: Protoss Protoss
  • League: Diamond
  • Spawn Location: 11:00

ShdwHntr

  • Race: Protoss Protoss
  • League: Diamond
  • Spawn Location: 1:00

VOD

Have the link to the VOD?

Description

Time

  • Played on: Jan. 7, 2017, 5:12 p.m.
  • Length: 4:04
Show
View Real Time Build Order
Export as new Build Order

Aura Protoss - Winner!

Build Orders:  

Get SALT Encoding   

  12  0:02  Probe (Chrono Boost)  
  13  0:12  Probe (Chrono Boost)  
  14  0:20  Pylon  
  14  0:23  Probe (Chrono Boost)  
  15  0:38  Probe (Chrono Boost)  
  15  0:39  Gateway  
  16  0:45  Assimilator  
  16  0:48  Assimilator  
  16  0:50  Probe (Chrono Boost)  
  17  1:00  Probe (Chrono Boost)  
  19  1:11  Probe (Chrono Boost)  
  19  1:22  Probe (Chrono Boost)  
  20  1:25  Pylon  
  20  1:32  Cybernetics Core  
  20  1:46  Pylon  
  20  1:58  Nexus  
  18  2:13  Pylon  
  16  2:18  Mothership Core (Chrono Boost)  
  18  2:23  Stalker  
  20  2:47  Pylon  
  20  3:16  Probe (Chrono Boost)  
  21  3:31  Robotics Facility  
  21  3:33  Assimilator  
  21  3:49  Probe (Chrono Boost)  
  21  3:53  Assimilator  
Show
View Real Time Build Order
Export as new Build Order

ShdwHntr Protoss 

Build Orders: Cannon Rush 

Get SALT Encoding   

  12  0:01  Probe (Chrono Boost)  
  13  0:11  Probe (Chrono Boost)  
  14  0:18  Pylon  
  14  0:22  Probe (Chrono Boost)  
  15  0:36  Probe (Chrono Boost)  
  15  0:38  Forge  
  16  0:47  Probe (Chrono Boost)  
  17  1:00  Pylon  
  17  1:18  Photon Cannon  
  17  1:21  Gateway  
  17  1:24  Photon Cannon  
  17  1:37  Photon Cannon  
  17  1:48  Photon Cannon  
  17  1:54  Photon Cannon  
  17  2:01  Assimilator  
  17  2:09  Pylon  
  17  2:18  Pylon  
  17  2:24  Pylon  
  17  2:30  Photon Cannon  
  17  2:43  Photon Cannon  
  17  2:55  Photon Cannon  
  17  3:06  Photon Cannon  
  17  3:11  Photon Cannon  
  17  3:20  Photon Cannon  
  17  3:32  Photon Cannon  
  17  3:46  Photon Cannon  
Tags
 
Add a new tag
Caveats
  • Supply blocks, unpowered buildings, or Contaminate may cause inaccurate times.
  • Supply counts are checked every 10 seconds.